 Dungeon Crawl Stone Soup version 0.32-a0-329-ge6c31236d6 (webtiles) character file.

Game seed: 14931207820562077347

2453355 Bobbunny the Conqueror (level 26, 200/266 HPs)
             Began as a Mountain Dwarf Fighter on Feb 15, 2024.
             Was an Initiate of Nemelex Xobeh.
             Escaped with the Orb
             ... and 4 runes on Feb 17, 2024!
             The game lasted 01:42:30 (63864 turns).

Bobbunny the Conqueror (Mountain Dwarf Fighter)    Turns: 63864, Time: 01:42:31

Health: 200/266    AC: 39    Str: 22 (26) XL:     26   Next: 64%
Magic:  41/41      EV:  9    Int: 19 (21) God:    Nemelex Xobeh [......]
Gold:   6751       SH: 15    Dex: 12 (16) Spells: 25/25 levels left

rFire   + + .        o - +9 broad axe (vamp)
rCold   + + .        W - +2 kite shield {reflect}
rNeg    + + .        V - +9 scales of the Dragon King {rPois rF+ rC+ Will+}
rPois   +            (helmet restricted)
rElec   +            X - scarf of Exclusion {+Inv, rC+ Will+ Int+3 Dex+2}
rCorr   +            c - +2 pair of gloves of Zin, Riding {Rampage Int+3 Dex+3}
SInv    .            m - +2 pair of boots of the Turtledove {rF+ Str+2}
Will    +++++        p - amulet "Jeug Mood" {Acrobat rPois rCorr Dex+2} Stlth
                     K - ring of Salvation {rElec rN++ Will+ rCorr Stlth-}
HPRegen 0.64/turn    t - ring "Reanyuwke" {rPois Will+ MP+9 Str+3 Slay+2}
MPRegen 0.27/turn

%: reflection, acrobat, rampage
@: studying Unarmed Combat
A: runic magic, artefact enchanting, beak, talons 1, deterioration 2, dopey 1,
weak 1, inability to drink after injury 1
0: Orb of Zot
}: 4/15 runes: decaying, slimy, silver, gossamer
a: Renounce Religion, Evoke Invisibility, Draw Escape, Draw Destruction, Draw
Summoning


You escaped.
You worshipped Nemelex Xobeh.
Nemelex Xobeh was noncommittal.
You visited 11 branches of the dungeon, and saw 53 of its levels.
You also visited: Bailey and Ice Cave.

You collected 9917 gold pieces.
You spent 3166 gold pieces at shops.

Inventory:

Hand Weapons
 o - a +9 vampiric broad axe (weapon)
 J - the +9 broad axe "Iso Ryck" {flame, rPois rF- Will+++}
   (You acquired it on level 1 of the Spider Nest)

   rF-:       It makes you vulnerable to fire.
   rPois:     It protects you from poison Will+++: It greatly increases your
   willpower.
Missiles
 f - 50 poisoned darts
 x - 9 darts of dispersal
 D - 2 throwing nets
 H - 37 javelins
 M - 66 boomerangs (quivered)
 O - 4 curare-tipped darts
 Q - 6 silver javelins
Armour
 c - the +2 pair of gloves of Zin, Riding (worn) {Rampage Int+3 Dex+3}
   (You found it on level 5 of the Lair of Beasts)

   Int+3:     It affects your intelligence (+3).
   Dex+3:     It affects your dexterity (+3).
   Rampage:   It bestows one free step when moving towards enemies.
 m - the +2 pair of boots of the Turtledove (worn) {rF+ Str+2}
   (You found it on level 1 of the Vaults)

   Str+2:     It affects your strength (+2).
   rF+:       It protects you from fire.
 C - a +1 helmet of see invisible
 V - the +9 scales of the Dragon King (worn) {rPois rF+ rC+ Will+}
   (You found it on level 3 of the Lair of Beasts)

   rF+:       It protects you from fire.
   rC+:       It protects you from cold.
   rPois:     It protects you from poison Will+: It increases your willpower.
 W - a +2 kite shield of reflection (worn)
 X - the scarf of Exclusion (worn) {+Inv, rC+ Will+ Int+3 Dex+2}
   (Okawaru gifted it to you on level 4 of the Lair of Beasts)

   Int+3:     It affects your intelligence (+3).
   Dex+2:     It affects your dexterity (+2).
   rC+:       It protects you from cold.
   Will+:     It increases your willpower.
Jewellery
 l - a +5 ring of evasion
 p - the amulet "Jeug Mood" (around neck) {Acrobat rPois rCorr Dex+2}
   (You acquired it on level 1 of the Lair of Beasts)

   [amulet of the acrobat]

   Acrobat:   It increases your evasion while moving and waiting.
   Dex+2:     It affects your dexterity (+2).
   rPois:     It protects you from poison rCorr: It protects you from acid and
   corrosion.
 t - the ring "Reanyuwke" (right hand) {rPois Will+ MP+9 Str+3 Slay+2}
   (You found it on level 3 of the Elven Halls)

   [ring of poison resistance]

   Str+3:     It affects your strength (+3).
   Slay+2:    It affects your accuracy & damage with ranged weapons and melee
   (+2).
   rPois:     It protects you from poison Will+: It increases your willpower.
   MP+9:      It affects your magic capacity (+9).
 K - the ring of Salvation (left hand) {rElec rN++ Will+ rCorr Stlth-}
   (You found it on level 5 of the Lair of Beasts)

   [ring of willpower]

   rElec:     It insulates you from electricity.
   rN++:      It greatly protects you from negative energy.
   Will+:     It increases your willpower.
   rCorr:     It protects you from acid and corrosion.
   Stlth-:    It makes you less stealthy.
 N - a ring of flight
 R - a +5 ring of evasion
 Z - a +5 ring of evasion
Wands
 b - a wand of flame (33)
 P - a wand of digging (3)
Scrolls
 a - 10 scrolls of fear
 e - 5 scrolls of vulnerability
 i - 11 scrolls of poison
 n - 12 scrolls of enchant armour
 r - 10 scrolls of fog
 u - 22 scrolls of teleportation
 w - 2 scrolls of torment
 F - 4 scrolls of silence
 I - 5 scrolls of revelation
 S - a scroll of immolation
Potions
 d - 14 potions of might
 h - a potion of magic
 j - a potion of resistance
 k - 8 potions of lignification
 q - 3 potions of ambrosia
 s - 17 potions of curing
 v - 4 potions of haste
 y - 3 potions of cancellation
 z - 4 potions of berserk rage
 A - 12 potions of brilliance
 B - a potion of invisibility
 E - 4 potions of heal wounds
 T - 4 potions of enlightenment
 U - 7 potions of attraction
Miscellaneous
 g - a phantom mirror
 G - a phial of floods
 Y - a lightning rod (4/4)


   Skills:
 O Level 27 Fighting
 O Level 27 Axes
 + Level 18.7 Throwing
 - Level 20.0 Armour
 - Level 15.0 Dodging
 - Level 16.0 Shields
 - Level 12.0 Invocations
 - Level 5.0 Evocations


You had 25 spell levels left.
You didn't know any spells.
Your spell library contained the following spells:

 Spells                   Type           Power      Damage    Failure   Level
 Apportation              Tloc           0%         N/A       54%         1
 Foxfire                  Conj/Fire      0%         2x1d4     54%         1
 Kiss of Death            Conj/Necr      0%         2d5       54%         1
 Magic Dart               Conj           0%         1d3       54%         1
 Necrotise                Necr           0%         1d4       54%         1
 Sandblast                Erth           0%         2d4       54%         1
 Slow                     Hex            0%         N/A       54%         1
 Sting                    Conj/Alch      0%         1d3       54%         1
 Summon Small Mammal      Summ           0%         N/A       54%         1
 Blink                    Tloc           0%         N/A       67%         2
 Call Imp                 Summ           0%         N/A       67%         2
 Cigotuvi's Dreadful Rot  Necr/Alch/Air  0%         N/A       67%         2
 Ensorcelled Hibernation  Hex/Ice        0%         N/A       67%         2
 Lesser Beckoning         Tloc           0%         N/A       67%         2
 Mercury Vapours          Alch/Air       0%         N/A       67%         2
 Momentum Strike          Conj/Tloc      0%         3d8       67%         2
 Searing Ray              Conj           0%         2d4       67%         2
 Static Discharge         Conj/Air       0%         3-3/arc   67%         2
 Sublimation of Blood     Necr           0%         N/A       67%         2
 Call Canine Familiar     Summ           0%         N/A       88%         3
 Confusing Touch          Hex            0%         N/A       88%         3
 Dazzling Flash           Conj/Hex       0%         N/A       88%         3
 Frozen Ramparts          Ice            0%         1d1       88%         3
 Gell's Gravitas          Tloc           0%         N/A       88%         3
 Inner Flame              Hex/Fire       0%         N/A       88%         3
 Mephitic Cloud           Conj/Alch/Air  0%         N/A       88%         3
 Passwall                 Erth           0%         N/A       88%         3
 Sigil of Binding         Hex            0%         N/A       88%         3
 Stone Arrow              Conj/Erth      0%         3d7       88%         3
 Swiftness                Air            0%         N/A       88%         3
 Teleport Other           Tloc           0%         N/A       88%         3
 Vampiric Draining        Necr           0%         2d6       88%         3
 Volatile Blastmotes      Fire/Tloc      0%         2d10      88%         3
 Animate Armour           Summ/Erth      0%         N/A       99%         4
 Brom's Barrelling Bould  Conj/Erth      0%         2d3       99%         4
 Cause Fear               Hex            0%         N/A       99%         4
 Dimensional Bullseye     Hex/Tloc       0%         N/A       99%         4
 Dispel Undead            Necr           0%         3d6       99%         4
 Fulminant Prism          Conj/Alch      0%         3d5       99%         4
 Iskenderun's Mystic Bla  Conj/Tloc      0%         2d3       99%         4
 Leda's Liquefaction      Alch/Erth      0%         N/A       99%         4
 Martyr's Knell           Necr/Summ      0%         N/A       99%         4
 Passage of Golubria      Tloc           0%         N/A       99%         4
 Petrify                  Alch/Erth      0%         N/A       99%         4
 Vhi's Electric Charge    Tloc/Air       0%         N/A       99%         4
 Arcjolt                  Conj/Air       0%         1d10      100%        5
 Curse of Agony           Necr           0%         N/A       100%        5
 Fireball                 Conj/Fire      0%         3d3       100%        5
 Freezing Cloud           Conj/Ice/Air   0%         6-21      100%        5
 Irradiate                Conj/Alch      0%         3d11      100%        5
 Iskenderun's Battlesphe  Conj           0%         2d6       100%        5
 Lee's Rapid Deconstruct  Erth           0%         3d4*      100%        5
 Metabolic Englaciation   Hex/Ice        0%         N/A       100%        5
 Silence                  Hex/Air        0%         N/A       100%        5
 Bombard                  Conj/Erth      0%         9d1       100%        6
 Conjure Ball Lightning   Conj/Air       0%         3x3d6     100%        6
 Death Channel            Necr           0%         N/A       100%        6
 Dispersal                Tloc           0%         N/A       100%        6
 Sculpt Simulacrum        Ice/Alch       0%         N/A       100%        6
 Orb of Destruction       Conj           0%         9d5       100%        7
 Ozocubu's Refrigeration  Ice            0%         4d7       100%        7
 Summon Hydra             Summ           0%         N/A       100%        7
 Ignition                 Fire           0%         3d3       100%        8
 Lehudib's Crystal Spear  Conj/Erth      0%         10d2      100%        8
 Maxwell's Capacitive Co  Air            0%         ∞         100%        8
 Dragon's Call            Summ           0%         N/A       100%        9
 Fire Storm               Conj/Fire      0%         5d1       100%        9
 Polar Vortex             Ice            0%         N/A       100%        9


Dungeon Overview and Level Annotations

Branches:
Dungeon (15/15)            Temple (1/1) D:6            Lair (5/5) D:10
  Swamp (4/4) Lair:3       Spider (4/4) Lair:3        Slime (5/5) Lair:4
    Orc (2/2) D:11            Elf (3/3) Orc:2        Vaults (5/5) D:14
  Crypt (0/3) Vaults:2     Depths (4/4) D:15            Zot (5/5) Depths:4
 Bailey (visited)           IceCv (visited)

Altars:
Ashenzari
Cheibriados
Dithmenos
Elyvilon
Fedhas
Gozag
Hepliaklqana
Kikubaaqudgha
Makhleb
Nemelex Xobeh
Okawaru
Qazlal
Ru
Sif Muna
Trog
Uskayaw
Vehumet
Wu Jian
Xom
Yredelemnul
Zin
The Shining One
Beogh
Jiyva

Shops:
D:6 **   D:8 :   D:11 (   Orc:2 ?=[(!   Vaults:1 (   Vaults:2 ?!   Depths:1 =
Depths:4 [=

Portals:
Hell: Lair:5 Depths:1 Depths:2 Depths:3 Depths:4
Abyss: Depths:1 Depths:3 Depths:4
Pandemonium: Depths:2
Ziggurat: Depths:2

Annotations:
D:9 2 transporters, MachoJfn's ghost, novice DjFE
D:10 3 runed translucent doors


Innate Abilities, Weirdness & Mutations

Your spellcasting is much less encumbered by armour.
You can use scrolls of enchantment on lesser artefacts.
You have a beak for a mouth.
You have sharp toenails.
Your body often deteriorates upon taking damage.
You are dopey. (Int -2)
You are weak. (Str -2)
You occasionally lose the ability to drink potions when taking damage.


Message History

As you read the scroll of fog, it dissolves into smoke.
The sixfirhy hits you but does no damage.
You block the sixfirhy's attack.
You feel yourself speed up. You block the sixfirhy's attack.
The sixfirhy misses you. The sixfirhy attacks as it pursues you!
The sixfirhy hits you but does no damage.
The sixfirhy closely misses you.
The Tzitzimitl calls on the powers of darkness!
Your body is wracked with pain!
Your body deteriorates!
You feel clumsy. The sixfirhy misses you.
The sixfirhy attacks as it pursues you! You block the sixfirhy's attack.
There is a stone staircase leading up here.
You climb upwards.
There is a stone staircase leading down here.
You closely miss the sixfirhy. Your peck misses the sixfirhy.
You slice the sixfirhy!! Your peck misses the sixfirhy.
The sixfirhy is almost dead.
You slice the sixfirhy!!
You kill the sixfirhy!
You feel your intelligence returning.
You see here a rat skeleton.
A smoke demon comes into view.
The smoke demon roars!
There is a stone staircase leading up here.
You climb upwards.
There is a stone staircase leading down here.
Your extra speed is starting to run out.
You feel yourself slow down.
A hellwing and an Ice Fiend come into view.
There is an escape hatch in the ceiling here.
A mysterious force pulls you upwards. The hatch slams shut behind you.
Aiming: Dig
Press: ? - help, Shift-Dir - straight line You can't see that place. [a staircase leading out of the dungeon.]
The rock shatters into small pieces.
There is a staircase leading out of the dungeon here.
You have escaped!

####....#.######.####.##.........
## #....#.# ##.....##.##...#.....
.# #....#.# #.#ß~ß#.#............
.# #....#.###.#≈≈≈#.#.##...###...
.###........#.#ß≈ß#.#.#........##
..#.....#.#.#.#≈≈≈#.#.##.........
..............#ß~ß#.#......#.#.#.
..#..##.#.#.#......##.#.######.#.
..#.....#.#.###.@.###............
..#.....#.#.# ####.####.######.##
..#.....#.#.# # #.# #...
..#.....###.# #######.######...
..#.....# #.# #..............##
........# #.# #.#####.######.#
..#..#..# #.# #.# #.#......#
........# #.# #.# #.#.####.##
.##..##.# #.#####.#####.#........


There were no monsters in sight!

Vanquished Creatures
  the Royal Jelly (Slime:5)
  3 dread liches
  2 ancient liches
  7 orbs of fire (Zot:5)
  A pandemonium lord (Zot:4)
  A juggernaut (Depths:3)
  Xtahua (Vaults:3)
  7 Killer Klowns (Zot:5)
  the Lernaean hydra (Swamp:4)
  Nikola (Swamp:4)
  6 golden dragons
  Norris (Elf:1)
  3 curse toes
  4 bone dragons (Zot:4)
  Arachne (Spider:2)
  A Tzitzimitl (D:9)
  10 tentacled monstrosities
  2 electric golems (Zot:5)
  5 liches
  25 Orb Guardians (Zot:5)
  A walking earthen tome (Depths:3)
  The ghost of AutarchDCSS the Warrior, an adept DrHW of Sif Muna (Vaults:1)
  A deep elf blademaster (Elf:3)
  A titan (Vaults:5)
  7 quicksilver dragons
  3 deep elf master archers (Elf:3)
  Asterion (Spider:4)
  An Executioner (Zot:1)
  8 sphinxes
  13 acid blobs
  3 death cobs
  11 tengu reavers
  Gastronok (Lair:3)
  Aizul (Swamp:3)
  10 storm dragons
  4 draconian knights
  7 shadow dragons
  A fenstrider witch (Swamp:4)
  4 protean progenitors (Zot:5)
  9 azure jellies
  Donald (Spider:2)
  Roxanne (Elf:1)
  3 draconian monks
  11 fire giants
  4 emperor scorpions
  5 rockslimes
  8 deep elf sorcerers
  18 vault wardens
  7 frost giants
  Louise (Elf:2)
  6 deep elf elementalists
  7 draconian shifters
  8 orc warlords
  6 ghost moths
  2 draconian scorchers
  A juggernaut zombie (D:15)
  5 curse skulls (Zot:4)
  2 draconian annihilators
  4 draconian stormcallers
  18 ironbound preservers
  A broodmother (Spider:3)
  37 very ugly things
  4 green draconians
  24 quicksilver oozes
  9 ironbound thunderhulks
  7 spriggan defenders
  18 stone giants
  10 formless jellyfish
  3 vampire knights (Depths:2)
  4 eleionomae
  5 deep elf death magi
  12 deep elf demonologists
  A lorocyproca (Depths:2)
  6 purple draconians
  4 yellow draconians
  12 deep elf annihilators
  4 bunyips
  8 black draconians
  The ghost of Ynwoy the Black Sun, a journeyman FeSu of Kikubaaqudgha (Elf:1)
  Azrael (Elf:1)
  16 spark wasps
  4 white draconians
  4 war gargoyles (Vaults:5)
  14 dire elephants
  4 red draconians
  12 ettins
  Snorg (Orc:2)
  2 entropy weavers
  4 deep elf high priests
  9 fire dragons
  3 jiangshi (Depths:2)
  2 crystal guardians (Vaults:4)
  8 yaktaur captains
  14 great orbs of eyes
  5 rakshasas
  An ogre mage (D:14)
  13 hydras
  A spriggan air mage (Depths:2)
  2 hell beasts
  12 ironbound frosthearts
  2 peacekeepers
  31 vault guards
  3 radroaches
  3 ghost crabs
  8 ice dragons
  3 jorogumos
  10 centaur warriors
  A catoblepas (Lair:3)
  7 boulder beetles
  3 alligators
  24 dancing weapons
  Erica (D:9)
  A sphinx skeleton (D:15)
  6 death scarabs (Spider:4)
  3 deep troll earth magi
  2 tengu warriors
  4 two-headed ogres
  6 deep troll shamans
  A hell hog (Depths:3)
  7 vampire magi
  6 orc high priests
  10 demonic crawlers
  10 spriggan berserkers
  7 death yaks
  10 hell knights
  A titan zombie (D:15)
  5 soul eaters
  5 skysharks
  Nergalle (Lair:3)
  28 deep elf knights
  7 iron trolls
  A salamander mystic (Depths:3)
  6 goliath frogs
  11 pharaoh ants
  7 skeletal warriors
  14 orb spiders
  A glowing orange brain (shapeshifter) (Vaults:5)
  8 flayed ghosts
  A golden dragon skeleton (Depths:1)
  7 arcanists
  59 deep trolls
  A spark wasp zombie (Depths:1)
  2 sun moths (Spider:2)
  4 glowing orange brains
  2 sixfirhies
  4 spriggan druids
  13 swamp dragons
  Pikel (D:9)
  3 spectral wolf spiders (Spider:4)
  5 phantasmal warriors
  5 bog bodies
  13 deep elf archers
  An anaconda (shapeshifter) (Vaults:5)
  A spectral jorogumo (Spider:4)
  19 ironbound convokers
  14 lindwurms
  A harpy (shapeshifter) (Elf:1)
  10 steelbarb worms
  4 harpies (Vaults:1)
  26 deep elf pyromancers
  17 orc knights
  9 necromancers
  33 deep elf zephyrmancers
  A salamander (shapeshifter) (Vaults:5)
  3 cyclopes
  24 wolf spiders
  A faun (shapeshifter) (Vaults:5)
  4 orc sorcerers
  43 ugly things
  Maurice (D:9)
  9 shining eyes
  A manticore (D:13)
  An iron dragon skeleton (D:15)
  20 moths of wrath
  A fire giant skeleton (D:15)
  An ice statue (IceCv)
  3 meliai (Spider:1)
  6 salamanders (Depths:3)
  A black mamba (shapeshifter) (D:15)
  A rust devil (Zot:4)
  87 slime creatures
  A meliai (shapeshifter) (D:13)
  3 black mambas (Lair:5)
  5 centaur zombies (D:12)
  An eye of devastation (Elf:1)
  7 kobold blastminers
  15 elephants
  A smoke demon (Depths:3)
  An orange demon (Lair:5)
  16 vault sentinels
  An eye of devastation (shapeshifter) (Vaults:5)
  2 water nymphs (shapeshifter)
  4 torpor snails
  12 cane toads
  6 rime drakes
  3 large abominations (Elf:3)
  2 spectral redbacks (Spider:4)
  2 gargoyles (D:12)
  2 redback zombies (Spider:4)
  18 komodo dragons
  4 centaur skeletons (D:14)
  2 unseen horrors
  3 kobold demonologists
  3 tengu conjurers
  A freezing wraith (Vaults:5)
  38 yaktaurs
  5 red devils
  5 trolls
  8 tyrant leeches
  A hellwing (Lair:5)
  22 tarantellas
  A bloated husk (Swamp:1)
  2 spectral jumping spiders (Spider:4)
  12 polar bears
  A glass eye (shapeshifter) (Vaults:5)
  14 hornets
  3 glass eyes
  Prince Ribbit (D:9)
  A raiju (shapeshifter) (Elf:3)
  5 spectral culicivoras (Spider:4)
  33 blink frogs
  7 spectral tarantellas (Spider:4)
  2 dream sheep (Lair:5)
  A fire giant simulacrum (Depths:1)
  A meliai zombie (D:12)
  41 jumping spiders
  A jumping spider zombie (Spider:4)
  6 spriggan zombies
  21 culicivoras
  14 spriggans
  10 shadows
  3 wraiths (D:12)
  An air elemental (Elf:3)
  93 yaks
  4 vampires (D:12)
  13 wyverns
  66 redbacks
  An ettin skeleton (Depths:1)
  3 golden eyes (Zot:4)
  4 fire elementals
  A human (shapeshifter) (D:10)
  6 basilisks
  3 steam dragons
  5 water elementals
  21 vampire mosquitoes
  5 wargs
  A swamp worm (shapeshifter) (Vaults:5)
  2 acid dragons
  An acid dragon (shapeshifter) (Depths:3)
  12 hell hounds
  16 swamp worms
  18 water moccasins
  A glowing shapeshifter skeleton (D:15)
  47 orc warriors
  2 ice beasts
  6 sky beasts
  9 swamp drakes
  2 black bears (D:10)
  2 laughing skulls (D:14)
  12 ogres
  4 boggarts
  27 centaurs
  49 wolves
  3 lemures (D:9)
  A phantom (D:6)
  3 kobold brigands
  3 elf zombies (Elf:3)
  8 bullfrogs
  A scorpion (D:4)
  5 earth elementals
  11 killer bees
  4 electric eels
  6 howler monkeys
  A bombardier beetle (D:4)
  3 hounds
  2 sleepcaps
  21 orc priests
  A jelly (D:4)
  A gnoll bouda (D:4)
  Ijyb (D:3)
  A boggart zombie (D:12)
  Natasha (D:3)
  2 iguanas
  24 orc wizards
  8 hell rats
  8 gnolls
  3 adders
  A river rat (D:10)
  A shadow imp (D:8)
  2 white imps (D:7)
  2 ufetubi (D:5)
  2 ribbon worms
  3 dart slugs
  125 orcs
  8 endoplasms
  A giant cockroach (D:4)
  4 goblins
  15 hobgoblins
  6 jackals
  12 kobolds
  6 quokkas
  2 ball pythons
  7 bats
  3 frilled lizards
  8 rats
  A butterfly (Lair:2)
  6 spectral weapons
2466 creatures vanquished.

Vanquished Creatures (others)
  A dread lich (Vaults:5)
  A draconian knight (Zot:2)
  A deep elf annihilator (Vaults:5)
  A deep elf knight (Elf:2)
  A swamp dragon (Swamp:1)
  2 deep elf pyromancers (Elf:2)
  3 bloated husks
  A glass eye (Depths:4)
  A swamp worm (Swamp:1)
  A swamp drake (Swamp:2)
13 creatures vanquished.

Grand Total: 2479 creatures vanquished

Notes
Turn   | Place    | Note
-------+----------+-------------------------------------------
     0 | D:1      | Bobbunny the Mountain Dwarf Fighter began the quest for the
                  | Orb.
     0 | D:1      | Reached XP level 1. HP: 19/19 MP: 1/1
    28 | D:1      | Reached XP level 2. HP: 11/26 MP: 2/2
   324 | D:1      | Reached XP level 3. HP: 30/33 MP: 3/3
  1327 | D:2      | Identified the +3 ring mail of the Nexus {rF+}
  1476 | D:2      | Found a faded altar of an unknown god.
  1779 | D:2      | Reached XP level 4. HP: 41/41 MP: 4/4
  2013 | D:3      | Found Zin's Purification Station.
  2027 | D:3      | Found a glowing silver altar of Zin.
  2203 | D:3      | Noticed Natasha
  2207 | D:3      | Killed Natasha
  2208 | D:3      | Reached skill level 5 in Fighting
  2329 | D:3      | Reached XP level 5. HP: 47/48 MP: 5/5
  2333 | D:3      | Noticed Ijyb
  2354 | D:3      | Killed Ijyb
  2355 | D:3      | Reached skill level 5 in Axes
  2727 | D:3      | Found a glowing golden altar of the Shining One.
  2819 | D:3      | Bought a potion of curing for 90 gold pieces
  2901 | D:4      | Reached XP level 6. HP: 57/57 MP: 6/6
  3102 | D:4      | Reached skill level 1 in Evocations
  3358 | D:5      | Entered Level 5 of the Dungeon
  3515 | D:5      | Reached XP level 7. HP: 44/64 MP: 7/7
  4763 | D:6      | Found a staircase to the Ecumenical Temple.
  4832 | Temple   | Entered the Ecumenical Temple
  4847 | Temple   | Became a worshipper of Warmaster Okawaru
  4919 | D:6      | Reached skill level 1 in Invocations
  4978 | D:6      | Reached XP level 8. HP: 71/73 MP: 7/9
  5073 | D:6      | Found Kishuil's Specific Store.
  5075 | D:6      | Found Nerir's General Store.
  5078 | D:6      | Bought 2 potions of heal wounds for 110 gold pieces
  5275 | D:6      | Reached * piety under Okawaru
  5485 | D:7      | Reached skill level 5 in Evocations
  5686 | D:7      | Reached skill level 5 in Invocations
  5686 | D:7      | Reached XP level 9. HP: 58/82 MP: 12/12
  5743 | D:7      | Reached ** piety under Okawaru
  5846 | D:7      | Killed an unseen horror
  5851 | D:7      | Found a flagged portal.
  5859 | Bailey   | Entered a bailey
  6303 | Bailey   | Reached skill level 10 in Axes
  6478 | Bailey   | Reached *** piety under Okawaru
  6479 | Bailey   | Reached skill level 10 in Fighting
  6828 | Bailey   | Reached XP level 10. HP: 88/94 MP: 13/13
  6957 | Bailey   | Reached **** piety under Okawaru
  7821 | D:7      | Found a white marble altar of Elyvilon.
  8034 | D:8      | Found a stormy altar of Qazlal.
  8089 | D:8      | Found Nusin's Self-Published Books.
  8340 | D:6      | Bought a scroll of teleportation for 33 gold pieces
  8340 | D:6      | Bought a scroll of fear for 44 gold pieces
  8340 | D:6      | Bought a potion of mutation for 88 gold pieces
  8570 | D:8      | Reached skill level 5 in Shields
  8579 | D:8      | Reached skill level 5 in Armour
  8856 | D:8      | Noticed a two-headed ogre
  8863 | D:8      | Killed a two-headed ogre
  9110 | D:9      | Noticed a two-headed ogre
  9124 | D:9      | Killed a two-headed ogre
  9124 | D:9      | Reached ***** piety under Okawaru
  9125 | D:9      | Reached skill level 1 in Throwing
  9179 | D:9      | Noticed Prince Ribbit
  9195 | D:9      | Killed Prince Ribbit
  9256 | D:9      | Noticed Erica
  9270 | D:9      | Killed Erica
  9270 | D:9      | Received a gift from Okawaru
  9271 | D:9      | Reached XP level 11. HP: 81/103 MP: 14/14
  9305 | D:9      | Noticed Pikel
  9348 | D:9      | Killed Pikel
  9532 | D:9      | Noticed Maurice
  9577 | D:9      | Killed Maurice
  9577 | D:9      | Received a gift from Okawaru
  9638 | D:9      | Found a transporter.
  9644 | D:9      | Noticed a two-headed ogre
  9644 | D:9      | Noticed a tengu warrior
  9646 | D:9      | Noticed MachoJfn's ghost (novice DjFE)
  9668 | D:9      | Found a bloodstained altar of Trog.
  9669 | D:9      | Found a transporter.
  9889 | D:9      | Noticed a boulder beetle
  9909 | D:9      | Killed a boulder beetle
 10165 | D:10     | Entered Level 10 of the Dungeon
 10185 | D:10     | Noticed a death yak
 10209 | D:10     | Killed a death yak
 10237 | D:10     | Found a staircase to the Lair.
 10269 | D:10     | Noticed a centaur warrior
 10272 | D:10     | Noticed a purple ugly thing
 10290 | D:10     | Killed a purple ugly thing
 10298 | D:10     | Killed a centaur warrior
 10298 | D:10     | Received a gift from Okawaru
 10327 | D:10     | Noticed a tengu warrior
 10328 | D:10     | Found a runed translucent door.
 10329 | D:10     | Noticed a centaur warrior
 10342 | D:10     | Noticed a skeletal warrior
 10347 | D:10     | Noticed a brown ugly thing
 10357 | D:10     | Killed a tengu warrior
 10359 | D:10     | Killed a skeletal warrior
 10384 | D:10     | Reached XP level 12. HP: 113/113 MP: 11/15
 10400 | D:10     | Found a runed translucent door.
 10400 | D:10     | Noticed a six-headed hydra
 10403 | D:10     | Found a runed translucent door.
 10672 | D:10     | Reached skill level 5 in Throwing
 10882 | Lair:1   | Entered Level 1 of the Lair of Beasts
 10888 | Lair:1   | Identified a scroll of acquirement
 10889 | Lair:1   | Acquired the amulet "Jeug Mood" {Acrobat rPois rCorr Dex+2}
 11004 | Lair:1   | Received a gift from Okawaru
 11085 | Lair:1   | Identified the +9 falchion of Ragnarok {heavy, rN+ Will+
                  | Dex-4 Stlth+}
 11202 | Lair:1   | Received a gift from Okawaru
 11313 | Lair:1   | Identified the +12 arbalest of Crawling {drain, rPois
                  | Int+2}
 11560 | Lair:1   | Noticed a boulder beetle
 11581 | Lair:1   | Killed a boulder beetle
 12105 | Lair:2   | Reached skill level 10 in Armour
 12426 | Lair:2   | Reached XP level 13. HP: 104/123 MP: 18/18
 12437 | Lair:2   | Received a gift from Okawaru
 13451 | Lair:3   | Found the +9 scales of the Dragon King {rPois rF+ rC+
                  | Will+}
 13470 | Lair:3   | Reached skill level 15 in Axes
 13762 | Lair:3   | Received a gift from Okawaru
 13831 | Lair:3   | Found a staircase to the Swamp.
 13899 | Lair:3   | Noticed Nergalle
 13908 | Lair:3   | Killed Nergalle
 13971 | Lair:3   | Found a hole to the Spider Nest.
 14353 | Lair:3   | Noticed Gastronok
 14370 | Lair:3   | Killed Gastronok
 14370 | Lair:3   | Received a gift from Okawaru
 14818 | Lair:4   | Reached skill level 15 in Fighting
 14896 | Lair:4   | Received a gift from Okawaru
 14949 | Lair:4   | Reached ****** piety under Okawaru
 14956 | Lair:4   | Acquired a +3 executioner's axe of flaming
 14956 | Lair:4   | Received a gift from Okawaru
 14958 | Lair:4   | Acquired the scarf of Exclusion {+Inv, rC+ Will+ Int+3
                  | Dex+2}
 14958 | Lair:4   | Received a gift from Okawaru
 15055 | Lair:4   | Reached XP level 14. HP: 121/135 MP: 20/20
 15064 | Lair:4   | Reached skill level 1 in Dodging
 15090 | Lair:4   | Found a viscous altar of Jiyva.
 15090 | Lair:4   | Found a staircase to the Slime Pits.
 15614 | Lair:5   | Entered Level 5 of the Lair of Beasts
 15634 | Lair:5   | Received a gift from Okawaru
 15867 | Lair:5   | Found a frozen archway.
 15877 | IceCv    | Entered an ice cave
 16175 | IceCv    | Received a gift from Okawaru
 17250 | Lair:5   | Received a gift from Okawaru
 17254 | Lair:5   | Reached skill level 10 in Invocations
 17977 | Lair:5   | Received a gift from Okawaru
 17982 | Lair:5   | Reached XP level 15. HP: 145/145 MP: 22/22
 18457 | Lair:5   | Found a burning altar of Makhleb.
 18840 | Lair:5   | Found a gateway to Hell.
 18848 | Lair:5   | Identified the ring of Salvation {rElec rN++ Will+ rCorr
                  | Stlth-}
 19123 | Lair:5   | Identified the ring of Athrirch {rPois rC- rN+ Dex+2
                  | Stlth+}
 19137 | Lair:5   | Identified the +0 pair of gloves of Zin, Riding {Rampage
                  | Int+3 Dex+3}
 19417 | D:11     | Found a staircase to the Orcish Mines.
 19790 | D:11     | Received a gift from Okawaru
 20250 | D:11     | Found Monaredu's Antique Weapon Emporium.
 20956 | D:13     | Identified the +4 whip "Teosch" {pain, Dex+6}
 21181 | D:13     | Received a gift from Okawaru
 21757 | Orc:1    | Entered Level 1 of the Orcish Mines
 21907 | Orc:2    | Entered Level 2 of the Orcish Mines
 21917 | Orc:2    | Noticed Snorg
 21941 | Orc:2    | Killed Snorg
 22029 | Orc:2    | Found a roughly hewn altar of Beogh.
 22144 | Orc:1    | Reached skill level 5 in Dodging
 22608 | Orc:2    | Found a roughly hewn altar of Beogh.
 22652 | Orc:2    | Found Zujeqoj's Jewellery Shop.
 22819 | Orc:2    | Found a staircase to the Elven Halls.
 22837 | Orc:2    | Found a roughly hewn altar of Beogh.
 22847 | Orc:2    | Found Ylalyod Sole's Magic Scroll Shop.
 22858 | Orc:2    | Bought a scroll of enchant armour for 105 gold pieces
 22858 | Orc:2    | Bought a scroll of revelation for 105 gold pieces
 22858 | Orc:2    | Bought a scroll of enchant weapon for 105 gold pieces
 23003 | Orc:2    | Found Cebyvuet's Antique Armour Shoppe.
 23014 | Orc:2    | Found a roughly hewn altar of Beogh.
 23016 | Orc:2    | Found Xetwak's Antique Weapon Emporium.
 23019 | Orc:2    | Received a gift from Okawaru
 23152 | Orc:2    | Found a roughly hewn altar of Beogh.
 23166 | Orc:2    | Found Qeel's Distillery.
 23175 | Orc:2    | Bought a potion of ambrosia for 88 gold pieces
 23175 | Orc:2    | Bought a potion of curing for 33 gold pieces
 23175 | Orc:2    | Bought a potion of mutation for 88 gold pieces
 23175 | Orc:2    | Bought a potion of brilliance for 44 gold pieces
 23233 | Orc:2    | Found a roughly hewn altar of Beogh.
 23595 | D:13     | Reached XP level 16. HP: 108/155 MP: 23/23
 23812 | D:14     | Received a gift from Okawaru
 24127 | D:14     | Found a gate to the Vaults.
 24623 | Orc:2    | Bought a ring of flight for 297 gold pieces
 24774 | Swamp:1  | Entered Level 1 of the Swamp
 25013 | Swamp:1  | Received a gift from Okawaru
 26157 | Swamp:1  | Received a gift from Okawaru
 26158 | Swamp:1  | Reached skill level 10 in Throwing
 26441 | Swamp:2  | Identified the granite talisman "Foul" {Int+2}
 27122 | Swamp:3  | Identified the serpent talisman of Incorporation {rF+
                  | Slay+4}
 27122 | Swamp:3  | Noticed Aizul
 27145 | Swamp:3  | Killed Aizul
 27146 | Swamp:3  | Reached skill level 10 in Shields
 27653 | Swamp:4  | Entered Level 4 of the Swamp
 27893 | Swamp:4  | Received a gift from Okawaru
 27897 | Swamp:4  | Reached XP level 17. HP: 164/166 MP: 24/24
 28036 | Swamp:4  | Noticed Nikola
 28069 | Swamp:4  | Killed Nikola
 28225 | Swamp:4  | Noticed the 27-headed Lernaean hydra
 28499 | Swamp:4  | Killed the 22-headed Lernaean hydra
 28720 | Swamp:4  | Got a decaying rune of Zot
 28948 | Spider:1 | Entered Level 1 of the Spider Nest
 29109 | Spider:1 | Received a gift from Okawaru
 30000 | Spider:1 | Acquired the +9 broad axe "Iso Ryck" {flame, rPois rF-
                  | Will+++}
 30048 | Spider:2 | Noticed Donald
 30062 | Spider:2 | Killed Donald
 30317 | Spider:2 | Received a gift from Okawaru
 30392 | Arena    | Entered the Arena
 30442 | Spider:2 | Noticed Arachne
 30459 | Spider:2 | Killed Arachne
 31421 | Spider:2 | Received a gift from Okawaru
 31904 | Spider:3 | Reached XP level 18. HP: 176/180 MP: 26/26
 32231 | Spider:3 | Identified the +2 hat "Unnaduki" {rPois Dex+4}
 33041 | Spider:4 | Entered Level 4 of the Spider Nest
 33062 | Spider:4 | Received a gift from Okawaru
 34004 | Spider:4 | Received a gift from Okawaru
 34697 | Spider:4 | Received a gift from Okawaru
 34744 | Spider:4 | Got a gossamer rune of Zot
 34869 | Spider:4 | Noticed Asterion
 34892 | Spider:4 | Killed Asterion
 35426 | Elf:1    | Entered Level 1 of the Elven Halls
 35431 | Elf:1    | Noticed an Ice Fiend
 35567 | Elf:1    | Noticed Azrael
 35583 | Elf:1    | Killed Azrael
 35807 | Elf:1    | Found a runed translucent gate.
 35807 | Elf:1    | Found a runed translucent gate.
 35807 | Elf:1    | Found a runed translucent gate.
 35810 | Elf:1    | Noticed Ynwoy's ghost (journeyman FeSu)
 36062 | Elf:1    | Noticed Norris
 36118 | Elf:1    | Killed Norris
 36119 | Elf:1    | Reached XP level 19. HP: 74/190 MP: 10/28
 36402 | Elf:1    | Noticed Roxanne
 36432 | Elf:1    | Received a gift from Okawaru
 36433 | Elf:1    | Reached skill level 15 in Armour
 36581 | Elf:1    | Killed Roxanne
 37362 | Elf:1    | Found a viscous altar of Jiyva.
 37476 | Elf:1    | Killed Ynwoy's ghost
 37629 | Elf:2    | Identified the ring of Liddaiph {rC+ Str+3 Stlth+}
 37829 | Elf:2    | Received a gift from Okawaru
 38610 | Elf:2    | Found a runed translucent gate.
 38611 | Elf:2    | Found a runed translucent gate.
 38611 | Elf:2    | Found a runed translucent gate.
 38629 | Elf:2    | Noticed Louise
 38637 | Elf:2    | Received a gift from Okawaru
 38648 | Elf:2    | Killed Louise
 38661 | Arena    | Entered the Arena
 39474 | Elf:2    | Reached skill level 10 in Dodging
 39719 | Elf:3    | Entered Level 3 of the Elven Halls
 40001 | Elf:3    | Received a gift from Okawaru
 40453 | Elf:3    | Reached XP level 20. HP: 183/204 MP: 22/29
 40512 | Elf:3    | Received a gift from Okawaru
 40790 | Elf:3    | Identified the ring "Reanyuwke" {rPois Will+ MP+9 Str+3
                  | Slay+2}
 40884 | Elf:3    | Identified the ring of Teum {Str+3 Int+4 SInv}
 40897 | Elf:3    | Identified the +8 great mace of Cobwebs {heavy, *Noise
                  | Int+5}
 40952 | Elf:3    | Identified the +8 dagger "Dragonbane" {heavy, rN+ Int+4
                  | Stlth-}
 40959 | Elf:3    | Got the Atlas of Hurting
 41385 | D:15     | Entered Level 15 of the Dungeon
 41396 | D:15     | Found a staircase to the Depths.
 41737 | D:15     | Received a gift from Okawaru
 42176 | D:15     | Found the +4 Cigotuvi's embrace {Corpsefed rMiasma ^Drain
                  | rN+}
 42429 | Vaults:1 | Entered Level 1 of the Vaults
 42635 | Vaults:1 | Found Samunest's Antique Weapon Emporium.
 42850 | Vaults:1 | Received a gift from Okawaru
 43348 | Vaults:1 | Found a runed translucent gate.
 43348 | Vaults:1 | Found a runed translucent gate.
 43348 | Vaults:1 | Found a runed translucent gate.
 43350 | Vaults:1 | Noticed AutarchDCSS's ghost (adept DrHW)
 43606 | Vaults:1 | Paralysed by a formless jellyfish for 1 turns
 43612 | Vaults:1 | Reached XP level 21. HP: 222/222 MP: 30/30
 43773 | Vaults:1 | Killed AutarchDCSS's ghost
 43851 | Vaults:1 | Identified the +2 pair of boots of the Turtledove {rF+
                  | Str+2}
 44449 | Vaults:2 | Found Jurimeuwk's Distillery.
 44570 | Vaults:2 | Bought a potion of curing for 39 gold pieces
 44570 | Vaults:2 | Bought a potion of curing for 39 gold pieces
 44570 | Vaults:2 | Bought a potion of cancellation for 104 gold pieces
 44570 | Vaults:2 | Bought a potion of attraction for 39 gold pieces
 44570 | Vaults:2 | Bought a potion of haste for 130 gold pieces
 44570 | Vaults:2 | Bought a potion of heal wounds for 65 gold pieces
 44570 | Vaults:2 | Bought a potion of might for 52 gold pieces
 44570 | Vaults:2 | Bought 2 potions of might for 104 gold pieces
 44585 | Vaults:2 | Received a gift from Okawaru
 44586 | Vaults:2 | Reached skill level 27 in Fighting
 45103 | Vaults:2 | Found Ipsiamaa's Magic Scroll Shoppe.
 45116 | Vaults:2 | Bought a scroll of teleportation for 66 gold pieces
 45116 | Vaults:2 | Bought a scroll of fear for 88 gold pieces
 45116 | Vaults:2 | Bought a scroll of teleportation for 66 gold pieces
 45116 | Vaults:2 | Bought a scroll of acquirement for 1144 gold pieces
 45118 | Vaults:2 | Acquired a manual of Dodging
 45147 | Vaults:2 | Found a staircase to the Crypt.
 45640 | Vaults:3 | Noticed Xtahua
 45673 | Vaults:3 | Killed Xtahua
 45846 | Vaults:3 | Received a gift from Okawaru
 46223 | Vaults:3 | Found a shimmering blue altar of Sif Muna.
 46944 | Vaults:4 | Received a gift from Okawaru
 46959 | Vaults:4 | Reached XP level 22. HP: 199/233 MP: 31/31
 47382 | Vaults:4 | Received a gift from Okawaru
 47404 | Vaults:4 | Found a magical portal.
 48107 | Vaults:5 | Entered Level 5 of the Vaults
 48121 | Vaults:5 | Received a gift from Okawaru
 48145 | Vaults:5 | Noticed a golden dragon
 48152 | Vaults:5 | Killed a golden dragon
 48197 | Vaults:5 | Received a gift from Okawaru
 48303 | Vaults:5 | Identified the +5 hand axe of Bread {venom, +Blink rCorr
                  | Int+2 Dex-5}
 48349 | Vaults:5 | Got a silver rune of Zot
 48542 | Vaults:5 | Gained mutation: You are frail. (-10% HP) [a shining eye]
 48617 | Vaults:5 | Received a gift from Okawaru
 48642 | Vaults:5 | Noticed a dread lich
 48661 | Vaults:5 | Killed a dread lich
 48716 | Vaults:5 | Identified the +9 mace of the Endless Expanse {heavy, rF+
                  | SInv}
 48912 | Vaults:5 | Reached XP level 23. HP: 216/216 MP: 32/32
 49274 | Vaults:5 | Noticed an ancient lich
 49293 | Vaults:5 | Killed an ancient lich
 49506 | Vaults:5 | Received a gift from Okawaru
 49894 | Vaults:5 | Identified the +4 spear of Reval {flame, MP+9}
 49900 | Vaults:5 | Identified the staff "Dwarf's Death" {rPois Int+2 Dex+2
                  | SInv Alchemy}
 49954 | Vaults:5 | Got Sif Muna's Compilation of the Fuming Jinx
 50347 | Slime:1  | Entered Level 1 of the Pits of Slime
 50813 | Slime:4  | Found a viscous altar of Jiyva.
 50817 | Slime:4  | Gained mutation: You are clumsy. (Dex -2) [a shining eye]
 50819 | Slime:4  | Gained mutation: Armour fits poorly on your strangely
                  | shaped body. [a shining eye]
 50821 | Slime:4  | Gained mutation: Your body sometimes deteriorates upon
                  | taking damage. [a shining eye]
 50836 | Slime:4  | Received a gift from Okawaru
 50964 | Slime:5  | Entered Level 5 of the Pits of Slime
 51019 | Slime:4  | Lost mutation: Armour fits poorly on your strangely shaped
                  | body. [potion of mutation]
 51019 | Slime:4  | Lost mutation: Your body sometimes deteriorates upon taking
                  | damage. [potion of mutation]
 51019 | Slime:4  | Lost mutation: You are frail. (-10% HP) [potion of
                  | mutation]
 51019 | Slime:4  | Gained mutation: You are frail. (-10% HP) [potion of
                  | mutation]
 51148 | Slime:5  | Noticed the Royal Jelly
 51175 | Slime:5  | Killed the Royal Jelly
 51182 | Slime:5  | Received a gift from Okawaru
 51294 | Slime:5  | Paralysed by a formless jellyfish for 1 turns
 51307 | Slime:5  | Identified the +6 scale mail of the Eternal Void {Slay+5}
 51308 | Slime:5  | Identified the +5 whip "X" {spect, rPois rC+++ Int-2 SInv}
 51379 | Slime:5  | Identified the +11 arbalest "Fikhluem" {flame, rElec rPois
                  | rN++ Dex-3}
 51407 | Slime:5  | Identified the ring of Gutres {rPois AC+4 Str-2 Int+3}
 51424 | Slime:5  | Got a slimy rune of Zot
 51470 | Slime:5  | Lost mutation: You are clumsy. (Dex -2) [potion of
                  | mutation]
 51470 | Slime:5  | Lost mutation: You are frail. (-10% HP) [potion of
                  | mutation]
 51470 | Slime:5  | Gained mutation: You sometimes lose your temper in combat.
                  | [potion of mutation]
 51470 | Slime:5  | Gained mutation: You have hidden genetic potential. [potion
                  | of mutation]
 51723 | Depths:1 | Entered Level 1 of the Depths
 51736 | Depths:1 | Found Ascheijyu's Jewellery Boutique.
 51941 | Depths:1 | Found a one-way gate to the infinite horrors of the Abyss.
 52067 | Depths:1 | Found an opulent altar of Gozag.
 52555 | Depths:1 | You fall into a shaft and drop 1 floor!
 52690 | Depths:1 | Received a gift from Okawaru
 52696 | Depths:1 | Reached XP level 24. HP: 249/249 MP: 32/32
 53402 | Depths:2 | Found a one-way gate leading to the halls of Pandemonium.
 53672 | Depths:2 | Reached skill level 15 in Shields
 54370 | Depths:2 | Noticed a dread lich
 54381 | Depths:2 | Killed a dread lich
 54381 | Depths:2 | Received a gift from Okawaru
 54406 | Depths:2 | Identified the +2 swamp dragon scales of Sabrocoi {rPois
                  | Stlth+}
 54794 | Depths:2 | Found a one-way gateway to a ziggurat.
 54811 | Depths:2 | Identified the +7 chain mail of Fortification {rElec rPois
                  | Slay+2}
 55474 | Depths:3 | Received a gift from Okawaru
 56041 | Depths:3 | Noticed a juggernaut
 56059 | Depths:3 | Killed a juggernaut
 56079 | Depths:3 | Gained mutation: You are resistant to electric shocks.
                  | (rElec) [hidden potential]
 56149 | Depths:3 | Received a gift from Okawaru
 56168 | Depths:3 | Reached skill level 15 in Dodging
 56743 | Depths:4 | Entered Level 4 of the Depths
 56943 | Depths:4 | Found a gate to the Realm of Zot.
 57127 | Depths:4 | Received a gift from Okawaru
 57131 | Depths:4 | Reached XP level 25. HP: 257/257 MP: 32/32
 57829 | Depths:4 | Found Iczen's Jewellery Shoppe.
 57829 | Depths:4 | Found Liclu's Armour Emporium.
 58392 | Zot:1    | Entered Level 1 of the Realm of Zot
 58428 | Zot:1    | Received a gift from Okawaru
 58432 | Zot:1    | Reached skill level 15 in Throwing
 59370 | Arena    | Entered the Arena
 59391 | Zot:4    | Received a gift from Okawaru
 59433 | Zot:4    | Gained mutation: Your body sometimes deteriorates upon
                  | taking damage. [a shining eye]
 59868 | Zot:4    | Lost mutation: You have hidden genetic potential. [a
                  | shining eye]
 60013 | Zot:5    | Entered Level 5 of the Realm of Zot
 60623 | Zot:5    | Received a gift from Okawaru
 61164 | Zot:5    | Noticed an orb of fire
 61169 | Zot:5    | Noticed an orb of fire
 61174 | Zot:5    | Killed an orb of fire
 61174 | Zot:5    | Gained mutation: Your body often deteriorates upon taking
                  | damage. [an orb of fire]
 61178 | Zot:5    | Noticed an orb of fire
 61183 | Zot:5    | Noticed an orb of fire
 61185 | Zot:5    | Noticed an orb of fire
 61188 | Zot:5    | Noticed an orb of fire
 61193 | Zot:5    | Gained mutation: You have large cloven feet. [an orb of
                  | fire]
 61202 | Zot:5    | Gained mutation: You are weak. (Str -2) [an orb of fire]
 61202 | Zot:5    | Gained mutation: You occasionally lose the ability to drink
                  | potions when taking damage. [an orb of fire]
 61204 | Zot:5    | Gained mutation: You are dopey. (Int -2) [an orb of fire]
 61206 | Zot:5    | Killed an orb of fire
 61206 | Zot:5    | Noticed a Killer Klown
 61207 | Zot:5    | Killed an orb of fire
 61208 | Zot:5    | Gained mutation: You are frail. (-10% HP) [an orb of fire]
 61210 | Zot:5    | Killed an orb of fire
 61211 | Zot:5    | Reached XP level 26. HP: 239/239 MP: 32/32
 61212 | Zot:5    | Gained mutation: You are very frail. (-20% HP) [an orb of
                  | fire]
 61215 | Zot:5    | Killed an orb of fire
 61216 | Zot:5    | Reached skill level 27 in Axes
 61216 | Zot:5    | Received a gift from Okawaru
 61220 | Zot:5    | Killed an orb of fire
 61225 | Zot:5    | Noticed a dread lich
 61247 | Zot:5    | Killed a dread lich
 61394 | Zot:5    | Lost mutation: You sometimes lose your temper in combat.
                  | [potion of mutation]
 61394 | Zot:5    | Lost mutation: You are very frail. (-20% HP) [potion of
                  | mutation]
 61394 | Zot:5    | Lost mutation: You have large cloven feet. [potion of
                  | mutation]
 61394 | Zot:5    | Gained mutation: You have a beak for a mouth. [potion of
                  | mutation]
 61394 | Zot:5    | Gained mutation: You are agile. (Dex +4, Str/Int -1)
                  | [potion of mutation]
 61395 | Zot:5    | Lost mutation: You are resistant to electric shocks.
                  | (rElec) [potion of mutation]
 61395 | Zot:5    | Lost mutation: You are agile. (Dex +4, Str/Int -1) [potion
                  | of mutation]
 61395 | Zot:5    | Lost mutation: You are frail. (-10% HP) [potion of
                  | mutation]
 61395 | Zot:5    | Gained mutation: You have sharp toenails. [potion of
                  | mutation]
 61429 | Zot:5    | Noticed an ancient lich
 61439 | Zot:5    | Killed an ancient lich
 61548 | Zot:5    | Noticed an orb of fire
 61569 | Zot:5    | Killed an orb of fire
 61569 | Zot:5    | Received a gift from Okawaru
 62582 | Zot:5    | Noticed a dread lich
 62600 | Zot:5    | Killed a dread lich
 63039 | Zot:5    | Received a gift from Okawaru
 63092 | Zot:5    | Upgraded the game from 0.32-a0-314-g526f7d4993 to
                  | 0.32-a0-329-ge6c31236d6
 63113 | Zot:5    | Got the Orb of Zot
 63190 | Zot:4    | Noticed Feigaas the pandemonium lord
 63228 | Zot:4    | Killed Feigaas the pandemonium lord
 63484 | D:15     | Noticed a seraph
 63682 | Temple   | Fell from the grace of Okawaru
 63682 | Temple   | Became a worshipper of Nemelex Xobeh the Trickster
 63864 | D:$      | Escaped with the Orb!

Illustrated notes

Levels and vault maps discovered:
D:1:      lightli_arrival_statue_moat, layout_basic,
          chequers_serial_rivers_small_a
D:2:      layout_basic, shapermc_ecumenical_altar_mp_vishouse,
          minmay_splitting_lines
D:3:      layout_loops_ring, zin_purify, nicolae_tso_swordbearing_angel,
          corexii_leaking_fountain, minmay_cut_off, uniq_natasha, uniq_ijyb
D:4:      layout_cave_pools, nrook_mini_vaults
D:5:      layout_layer_cave
D:6:      minmay_flawed_box, layout_cave_pools, minmay_temple_entry_mini_moons,
          nicolae_specific_store
D:7:      layout_loops_ring, mainiacjoe_overflow_brackets, enter_bailey_4,
          mrwooster_statue_mirror, minmay_manual_mess
D:8:      layout_loops_ring, grunt_qazlal_sundering, nicolae_custom_books
D:9:      layout_irregular_city, gammafunk_ghost_wrathful_warriors,
          minmay_diced_spiral, uniq_erica, uniq_pikel, uniq_maurice,
          uniq_prince_ribbit1
D:10:     minmay_the_grid_four_pointed_star
          [minmay_the_grid_triangle_9x9_corrupted_corridor,
          minmay_the_grid_triangle_9x9_zippers_horizontal,
          minmay_the_grid_triangle_9x9_steps,
          minmay_the_grid_triangle_9x9_fully_insulated_deathbox,
          minmay_the_grid_prize_four_corners], layout_gridville,
          dpeg_lair_monsters
D:11:     layout_long_grid, hiddenorc2_lemuel, serial_shops,
          kennysheep_little_box
D:12:     layout_roguey, serial_undead, serial_undead_e, serial_undead_b,
          serial_undead_a, serial_undead_a, serial_undead_e
D:13:     layout_basic
D:14:     layout_rooms, hangedman_vaults_entry_quadrant_bands,
          corexii_hall_statues_l
D:15:     grunt_enter_depths_giant_problem, layout_irregular_city,
          minmay_misc_feat_rugged, hellmonk_guarded_unrand_cigotuvi
Temple:   regret_index_temple_chain_breaker
Lair:1:   layout_cave_pods, nzn_sisyphean_effort
Lair:2:   layout_misc_corridors, lemuel_fruit_tree, grunt_megastairs_4,
          lemuel_fruit_fields
Lair:3:   wander_river, layout_long_grid, minmay_swamp_entry_swarm,
          spider_nest_entry_web_field, uniq_gastronok, uniq_nergalle
Lair:4:   layout_cave_pods, slime_entry_1, beast_lair_carwin_6,
          infiniplex_staircase_pool
Lair:5:   evil_forest, layout_cave_pods, portal_ice_cave_rime,
          minmay_lindwurm_lava
Swamp:1:  layout_falls_marsh, nicolae_swamp_trees_clearing,
          nicolae_swamp_decorative_isthmus
Swamp:2:  tekkud_swamp_unearthing_site, layout_falls_marsh,
          evilmike_swamp_ruin_rubble_1, hangedman_swamp_ruin_hall
Swamp:3:  layout_basic_swamp, evilmike_swamp_ruin_house_5, swamp_pool_3,
          uniq_aizul
Swamp:4:  swamp_old_school, layout_basic_swamp, swamp_pool_1_2, uniq_nikola
Spider:1: layout_spider_delve
Spider:2: nicolae_spider_hilbert_zone_3 [nicolae_spider_hilbert_4_sides_2_open,
          nicolae_spider_hilbert_3_sides_1_open,
          nicolae_spider_hilbert_3_sides_1_open,
          nicolae_spider_hilbert_3_sides_1_open,
          nicolae_spider_hilbert_3_sides_1_open,
          nicolae_spider_hilbert_4_sides_1_open,
          nicolae_spider_hilbert_4_sides_1_open,
          nicolae_spider_hilbert_4_sides_1_open,
          nicolae_spider_hilbert_4_sides_1_open,
          nicolae_spider_hilbert_4_sides_1_open,
          nicolae_spider_hilbert_4_sides_1_open,
          nicolae_spider_hilbert_4_sides_1_open,
          nicolae_spider_hilbert_4_sides_1_open,
          nicolae_spider_hilbert_3_sides_1_open,
          nicolae_spider_hilbert_3_sides_1_open,
          nicolae_spider_hilbert_3_sides_1_open,
          nicolae_spider_hilbert_3_sides_1_open], uniq_arachne, uniq_donald
Spider:3: layout_spider_delve, hellmonk_motheaten_closet
Spider:4: floodkiller_spider_rune_tomb, uniq_asterion
Slime:1:  layout_caves, cheibrodos_slime_lost_civilization_5
Slime:2:  layout_caves, nicolae_slime_welcoming_committee
Slime:3:  layout_caves
Slime:4:  layout_caves, basic_altar
Slime:5:  slime_pit
Orc:1:    layout_caves
Orc:2:    grunt_orc_community_town_hall, layout_diamond_mine,
          grunt_orc_community_big_house_2, grunt_orc_community_big_house_2,
          grunt_orc_community_house_1, grunt_orc_community_house_1,
          grunt_orc_community_house_3, grunt_orc_community_house_2,
          grunt_orc_community_house_3, grunt_orc_community_house_2,
          serial_shops, shop, uniq_snorg
Elf:1:    layout_gridlike, gammafunk_ghost_ooze, nicolae_elf_blasts_and_bolts,
          chequers_big_river, nicolae_concentric_dashed_squares_wild,
          uniq_norris, uniq_roxanne, uniq_azrael
Elf:2:    nicolae_elf_blades_crystal_corner, layout_geoelf_diagonals,
          nrook_mini_backslash, grunt_ministairs_6, minmay_misc_feat_five,
          uniq_louise
Elf:3:    minmay_elf_hall_hex, layout_geoelf_castle, minmay_elf_necromancy
Vaults:1: gammafunk_ghost_tricky_traps, hangedman_vaults_slither,
          vaults_dpeg_emergency_exit, nicolae_vaults_diagonal_hallway_8,
          nicolae_vaults_door_testing_chamber, nicolae_vaults_little_squares_2,
          nicolae_vaults_inception_scallops, hangedman_vaults_stagger,
          nicolae_vaults_stairing_the_circle, v_rooms_3,
          nicolae_vaults_tetromino_L_1, layout_vaults_chaotic_city,
          serial_shops, nicolae_shop_overgrown_old_shop
Vaults:2: nicolae_vaults_swerve, hangedman_vaults_stitches,
          nicolae_vaults_diagonal_hallway_6, nicolae_vaults_security_offices_5,
          ontoclasm_vaults_ligature, nicolae_vaults_circle_grid_a,
          ontoclasm_vaults_hangar, hangedman_vaults_nails,
          vaults_standard_mumra_lines, layout_vaults_omnibox, dummy_crypt_entry,
          serial_shops, nicolae_shop_window_shopping, shop
Vaults:3: serial_ice_m, nicolae_vaults_ellipses_ellipsis,
          serial_library_hellmonk_narrow_alcove, vaults_standard_mumra_x,
          v_misc_3, nicolae_vaults_trapezoid_1,
          nicolae_vaults_security_offices_1, layout_vaults_omnigrid, uniq_xtahua
Vaults:4: mu_enter_wizlab_2, st_octagons_1, nicolae_vaults_trapezoid_lopsided_4,
          nicolae_vaults_puzzle_piece, nicolae_vaults_sesquioval_fish,
          nicolae_vaults_closet_pinwheel_3, nicolae_vaults_circle_grid_b,
          vaults_room_grunt_arrival_ludios, nicolae_vaults_more_shelving_1,
          minmay_orc_keep, v_alt_pattern_4, layout_vaults_ring
Vaults:5
Depths:1: layout_basic, hell_entry, abyss_entry, serial_shops,
          kennysheep_mini_moat, chequers_serial_rivers_micro_a, drop_trap,
          nicolae_gozag_cash_rules_everything_around_me
Depths:2: bobbens_index_wilting_gardens, layout_long_grid, enter_ziggurat_d,
          pf_hell_entry_tar_spiral, serial_bayou_ford_a, rand_demon_pan_entry_3
Depths:3: kennysheep_green_arena, layout_cave_shapes, hellmouth_1,
          grunt_decor_junction, hangedman_abyss_entry_splay
Depths:4: grunt_zot_entry_funnels, layout_long_grid, minmay_misc_feat_tower,
          abyss_entry, hell_entry, chequers_serial_rivers_small_b,
          grunt_ministairs_8, serial_bayou_shore_b, minmay_shoptagon
Zot:1:    layout_gridville
Zot:2:    gammafunk_sealed_library, layout_onion_interference,
          regret_index_zotdec_serpentine_scales
Zot:3:    layout_misc_corridors
Zot:4:    evilmike_crystal_ball_defense, layout_concentric_octagons,
          regret_index_zotdec_dark_gr, hellmonk_body_bag, uniq_josephina
Zot:5:    layout_misc_corridors

Skill      XL: |  1  2  3  4  5  6  7  8  9 10 11 12 13 14 15 16 17 18 19 20 21 22 23 24 25 26 |
---------------+-------------------------------------------------------------------------------+-----
Axes           | 3 4 5 6 7 8 10 12 13 14 16 17 18 19 20 21 22 23 26 27 | 27.0
Fighting       | 4 5 6 7 8 10 11 12 13 15 16 17 18 20 21 23 26 27 | 27.0
Evocations     | 2 3 5 |  5.0
Invocations    | 1 5 7 8 10 11 12 | 12.0
Armour         | 4 6 8 10 12 14 16 18 19 20 | 20.0
Shields        | 4 5 7 10 11 13 14 16 | 16.0
Throwing       | 2 4 6 7 9 10 11 13 14 16 18 | 18.7
Dodging        | 4 5 6 8 10 11 13 14 15 | 15.0

Action                     |  1- 3 |  4- 6 |  7- 9 | 10-12 | 13-15 | 16-18 | 19-21 | 22-24 | 25-27 || total
---------------------------+-------+-------+-------+-------+-------+-------+-------+-------+-------++-------
  Melee: War axe           |    90 |   181 |   347 |    50 |       |       |       |       |       ||   668
         Broad axe         |       |       |       |   556 |  1534 |  1756 |  1714 |  1640 |   985 ||  8185
         Executioner's axe |       |       |       |       |   148 |    82 |       |       |       ||   230
         Peck              |       |       |       |       |       |       |       |       |   102 ||   102
  Throw: Dart              |       |     3 |     7 |     6 |       |     1 |       |       |       ||    17
         Throwing net      |       |       |       |     1 |       |       |       |       |       ||     1
         Javelin           |       |       |       |     8 |    11 |    17 |    58 |    17 |    28 ||   139
         Boomerang         |       |       |       |       |    50 |    12 |    49 |    94 |    58 ||   263
 Invoke: Heroism           |       |       |       |     5 |     4 |     8 |     2 |     2 |     1 ||    22
         Finesse           |       |       |       |     1 |     2 |     7 |     6 |     3 |     5 ||    24
         Receive Weapon    |       |       |       |       |     1 |       |       |       |       ||     1
         Receive Armour    |       |       |       |       |     1 |       |       |       |       ||     1
         Duel              |       |       |       |       |       |     1 |     1 |       |     1 ||     3
  Evoke: Wand              |       |     1 |    11 |     1 |       |       |       |     1 |     6 ||    20
         Phial of floods   |       |       |       |       |       |     1 |       |       |       ||     1
    Use: Scroll            |       |       |       |    18 |     5 |    12 |     6 |     1 |     8 ||    50
         Potion            |       |       |       |       |     1 |    12 |     2 |     4 |    20 ||    39
   Stab: Invisible         |       |       |       |       |       |     8 |       |       |       ||     8
         Distracted        |       |       |       |       |       |       |       |     1 |       ||     1
 Armour: Scale mail        |    30 |       |       |       |       |       |       |       |       ||    30
         Chain mail        |    30 |       |       |       |       |       |       |       |       ||    30
         Ring mail         |     9 |   146 |   532 |    47 |       |       |       |       |       ||   734
         Plate armour      |       |       |       |   589 |   156 |       |       |       |       ||   745
         Gold dragon scale |       |       |       |       |  1690 |  2189 |  1220 |  1297 |   954 ||  7350
  Dodge: Dodged            |    33 |   106 |   230 |   227 |   498 |   642 |   433 |   500 |   347 ||  3016
  Block: Buckler           |    21 |    48 |    93 |   146 |   103 |       |       |       |       ||   411
         Kite shield       |       |       |       |       |   409 |  1009 |   861 |  1128 |   646 ||  4053
         Reflection        |       |       |       |       |       |     4 |    86 |    29 |     6 ||   125

Table legend: (Time is in decaauts)
 A = Elapsed time spent in this place.
 B = Non-inter-level travel time spent in this place.
 C = Inter-level travel time spent in this place.
 D = Time resting spent in this place.
 E = Time spent auto-exploring this place.
 F = Levels seen in this place.
 G = Mean time per level.
                   A        B        C        D        E       F      G
               +--------+--------+--------+--------+--------+-----+--------+
         Total |  62253 |  56018 |   6235 |  11700 |  30374 |  58 | 1073.3 |
       Dungeon |  14712 |  12994 |   1718 |    924 |   9220 |  15 |  980.8 |
        Temple |     76 |     15 |     61 |      0 |      0 |   1 |   76.0 |
          Lair |   7539 |   6679 |    860 |   1362 |   3833 |   5 | 1507.8 |
         Swamp |   3962 |   3515 |    447 |   1100 |   1730 |   4 |  990.5 |
   Spider Nest |   6110 |   5623 |    487 |   1261 |   3053 |   4 | 1527.5 |
    Slime Pits |    981 |    779 |    202 |    296 |      0 |   5 |  196.2 |
  Orcish Mines |   1664 |   1331 |    333 |      0 |    944 |   2 |  832.0 |
   Elven Halls |   5545 |   5126 |    419 |   1403 |   2453 |   3 | 1848.3 |
        Vaults |   7319 |   7000 |    319 |     96 |   5127 |   5 | 1463.8 |
        Depths |   6902 |   6505 |    397 |   1986 |   3433 |   4 | 1725.5 |
           Zot |   4595 |   3608 |    987 |   2660 |     20 |   5 |  919.0 |
        Bailey |   1459 |   1459 |      0 |    301 |     70 |   1 | 1459.0 |
      Ice Cave |   1319 |   1319 |      0 |    309 |    489 |   1 | 1319.0 |
         Arena |     64 |     64 |      0 |      0 |      0 |   3 |   21.3 |
               +--------+--------+--------+--------+--------+-----+--------+

Top non-repeatable levels by time:
   Zot:5: 3066 daAuts
Spider:4: 2149 daAuts
   Elf:1: 2121 daAuts
  Lair:5: 2086 daAuts
   Elf:2: 1985 daAuts
Depths:2: 1866 daAuts
Vaults:1: 1831 daAuts
Vaults:5: 1825 daAuts
Depths:4: 1777 daAuts
Spider:2: 1762 daAuts
Depths:1: 1695 daAuts
Depths:3: 1563 daAuts
 Swamp:1: 1512 daAuts
  Bailey: 1459 daAuts
   Elf:3: 1438 daAuts
